 Dungeon Crawl Stone Soup version 0.28-a0-258-g8de209e91f (webtiles) character file.

Game seed: 5069774984697779544

265 Ankalagon the Covert (level 6, -2/52 HPs)
             Began as a Naga Brigand on Aug 26, 2021.
             Slain by a river rat (8 damage)
             ... on level 6 of the Dungeon.
             The game lasted 00:07:34 (4248 turns).

Ankalagon the Covert (Naga Brigand)                 Turns: 4248, Time: 00:07:34

Health: -2/52      AC:  6    Str: 14    XL:     6   Next: 20%
Magic:  15/15      EV:  9    Int: 11    God:
Gold:   81         SH:  0    Dex: 14    Spells: 5/5 levels left

rFire   + . .      SeeInvis +   s - +2 dagger (speed)
rCold   + . .      Faith    .   (no shield)
rNeg    . . .      Spirit   .   b - +0 robe
rPois   +          Reflect  .   (no helmet)
rElec   +          Harm     .   t - +1 cloak
rCorr   +          Rampage  .   l - +0 pair of gloves
Will    .....                   (no barding)
Stlth   ++++......              (no amulet)
HPRegen 0.17/turn               p - ring of magical power
MPRegen 0.14/turn               (no ring)

@: brilliant, resistant, attractive, flying, very slow
A: AC +2, large, see invisible, deformed body, poison resistance, slowness 2,
spit poison 1, naga tail 1
a: Spit Poison


You were on level 6 of the Dungeon.
You visited 1 branch of the dungeon, and saw 4 of its levels.

You collected 81 gold pieces.

Inventory:

Hand Weapons
 a - a +2 dagger
 s - a +2 dagger of speed (weapon)
 u - a +2 whip of electrocution
Missiles
 d - 28 poisoned darts
 e - 2 curare-tipped darts
Armour
 b - a +0 robe (worn)
 c - a +0 cloak
 l - a +0 pair of gloves (worn)
 t - a +1 cloak (worn)
Jewellery
 p - a ring of magical power (left hand)
Wands
 y - a wand of flame (15) (quivered)
Scrolls
 x - a scroll of enchant armour
Potions
 h - a potion of mutation
 i - a potion of degeneration
 m - a potion of ambrosia
 o - a potion of resistance


   Skills:
 - Level 2.0 Fighting
 - Level 2.0 Short Blades
 - Level 4.2 Throwing
 - Level 0.7 Dodging
 - Level 8.9 Stealth
 + Level 0.0 Evocations


You had 5 spell levels left.
You didn't know any spells.
Your spell library was empty.

Dungeon Overview and Level Annotations

Branches:
Dungeon (3/15)

Altars:
Xom

Shops:
D:1 [

Portals:
Sewer: D:6


Innate Abilities, Weirdness & Mutations

Your serpentine skin is tough. (AC +2)
You have supernaturally acute eyesight. (SInv)
Armour fits poorly on your strangely shaped body.
Your system is resistant to poisons. (rPois)
You cover ground very slowly.
You can spit poison.
You have a snake-like lower body.


Message History

It was a potion of magic.
Magic courses through your body. The river rat bites you.
The orc barely misses you. The river rat bites you.
It was a potion of brilliance.
You feel clever all of a sudden. The river rat bites you.
The orc hits you with a +0 flail. The river rat bites you.
You barely miss the river rat. The river rat bites you!
The orc hits you but does no damage.
Okay, then.
Okay, then.
Hit: s) +2 dagger (speed)
Press: ? - help, Dir - move target, f - river rat
Aim: a river rat (about 36% to evade your +2 dagger of speed)
You closely miss the river rat.
The river rat bites you but does no damage.
Okay, then.
Unknown command.
Aiming: Throw Flame
Press: ? - help, Q - select action, (/) - cycle Shift-Dir - straight line, f/p - river rat
Aim: a river rat (64% to hit)
The puff of flame misses the river rat.
The puff of flame hits the orc.
The orc is lightly wounded.
The river rat bites you. The orc barely misses you.
The river rat closely misses you.
Aiming: Throw Flame
Press: ? - help, Q - select action, (/) - cycle Shift-Dir - straight line, f/p - river rat
Aim: a river rat (64% to hit)
The puff of flame hits the river rat.
The river rat is lightly wounded.
The river rat bites you!
* * * LOW HITPOINT WARNING * * *
The orc hits you with a +0 flail!
* * * LOW HITPOINT WARNING * * *
The river rat twitches its whiskers.
The river rat bites you but does no damage.
You feel better. The river rat barely misses you.
The orc hits you with a +0 flail.
* * * LOW HITPOINT WARNING * * *
The river rat bites you!
You die...

,*,,,**
,,,,,,**
,,,,,,,*
,,,,,,,*
,,,,,,,*
,,,,,,,*
,*,,,*,*
,**,**,*
#####
,**,**,*
#@ro######**
,**,**,*
#orSo.....,**
,,,,,,,*
#hrr......,,*
***,****
#ro..≈≈≈..,,*
* *,*
#...≈≈≈≈≈.,,*
* *,*
#...≈≈∩≈≈.,,*
* *,*
#...≈≈≈≈≈.,,*
***,*
#....≈≈≈..,,*
,,,,******
#.........,,*


You could see a black bear, an adder, 2 river rats, 4 orcs and 3 rats.

Vanquished Creatures
  Crazy Yiuf (D:2)
  A bullfrog skeleton (D:3)
  Jessica (D:3)
  2 orc wizards (D:3)
  4 adders
  3 worms (D:2)
  4 dart slugs
  2 orcs (D:3)
  9 ball pythons
  11 endoplasms
  4 giant cockroaches
  5 goblins
  3 hobgoblins
  6 jackals (D:1)
  5 kobolds
  2 quokkas (D:1)
  2 bats
  7 frilled lizards
  3 rats
75 creatures vanquished.

Vanquished Creatures (others)
  2 plants (D:2)
2 creatures vanquished.

Grand Total: 77 creatures vanquished

Notes
Turn   | Place    | Note
-------+----------+-------------------------------------------
     0 | D:1      | Ankalagon the Naga Brigand began the quest for the Orb.
     0 | D:1      | Reached XP level 1. HP: 19/19 MP: 1/1
     6 | D:1      | Noticed a rime drake
     6 | D:1      | Noticed a hound
     6 | D:1      | Noticed a swamp worm
     7 | D:1      | Noticed a water moccasin
     7 | D:1      | Noticed a snapping turtle
    80 | D:1      | Reached skill level 6 in Stealth
   146 | D:1      | Reached XP level 2. HP: 26/26 MP: 2/2
   470 | D:1      | Found a faded altar of an unknown god.
   509 | D:1      | Reached XP level 3. HP: 32/32 MP: 3/3
   841 | D:1      | Found Gewnet's Armour Emporium.
  1119 | D:2      | Reached skill level 7 in Stealth
  1546 | D:2      | Reached XP level 4. HP: 39/39 MP: 4/4
  2461 | D:2      | Found a runed translucent door.
  2462 | D:2      | Noticed Crazy Yiuf
  2549 | D:2      | Killed Crazy Yiuf
  2550 | D:2      | Reached XP level 5. HP: 9/45 MP: 5/5
  3281 | D:3      | Found a shimmering altar of Xom.
  3433 | D:3      | Reached skill level 8 in Stealth
  3777 | D:3      | Noticed Jessica
  3785 | D:3      | Killed Jessica
  3858 | D:3      | Reached XP level 6. HP: 38/52 MP: 6/6
  4214 | D:3      | You fall into a shaft and drop 3 floors!
  4214 | D:6      | Found a glowing drain.
  4220 | D:6      | Noticed a black bear
  4247 | D:6      | HP: 1/52 [orc (7)]
  4248 | D:6      | Slain by a river rat

Illustrated notes

Levels and vault maps discovered:
D:1:      onia_arrival_zoo_common, layout_basic,
          hellmonk_ecumenical_altar_blasted, serial_shops, nicolae_diamond_shop
D:2:      layout_loops_corners, chequers_big_river, eino_tiny_chamber,
          minmay_stone_trees_small, dk_noncrumbling_2, kennysheep_minor_cross,
          minmay_surrounded, uniq_crazy_yiuf_cottage
D:3:      layout_basic, marbit_many_paths, uniq_jessica
D:6:      layout_loops_cross, mainiacjoe_overflow_tiny_flanked,
          portal_sewer_entry_a, chequers_serial_rivers_small_3,
          kennysheep_small_circle, uniq_grinder, uniq_duvessa

Skill      XL: |  1  2  3  4  5 |
---------------+----------------+-----
Stealth        | 6 7 8 |  8.9
Throwing       | 2 3 4 |  4.2
Fighting       | |  2.0
Short Blades   | |  2.0
Dodging        | |  0.7

Action                   |  1- 3 |  4- 6 || total
-------------------------+-------+-------++-------
Melee: Dagger            |    86 |    99 ||   185
Throw: Dart              |       |    14 ||    14
 Abil: Spit Poison       |     6 |    16 ||    22
Evoke: Wand              |       |     2 ||     2
  Use: Potion            |       |     8 ||     8
       Scroll            |       |     6 ||     6
 Stab: Sleeping          |    13 |     6 ||    19
       Distracted        |       |     1 ||     1
Armor: Robe              |    16 |    34 ||    50
Dodge: Dodged            |    37 |    64 ||   101

Table legend: (Time is in decaauts)
 A = Elapsed time spent in this place.
 B = Non-inter-level travel time spent in this place.
 C = Inter-level travel time spent in this place.
 D = Time resting spent in this place.
 E = Time spent auto-exploring this place.
 F = Levels seen in this place.
 G = Mean time per level.
                   A        B        C        D        E       F      G
               +--------+--------+--------+--------+--------+-----+--------+
         Total |   5212 |   5049 |    163 |    697 |   3303 |   4 | 1303.0 |
       Dungeon |   5212 |   5049 |    163 |    697 |   3303 |   4 | 1303.0 |
               +--------+--------+--------+--------+--------+-----+--------+

Top non-repeatable levels by time:
     D:2: 2708 daAuts
     D:3: 1293 daAuts
     D:1: 1175 daAuts
     D:6: 34 daAuts
